 Dungeon Crawl Stone Soup version 0.25.1-2-g60ff931df9 (webtiles) character file.

Game seed: 7090113102204967019

14 Johnny the Chiller (level 2, 0/22 HPs)
             Began as a Demigod Ice Elementalist on Sept 6, 2020.
             Slain by a centaur (9 damage)
             ... on level 2 of the Dungeon.
             The game lasted 00:00:49 (831 turns).

Johnny the Chiller (Demigod Ice Elementalist)        Turns: 831, Time: 00:00:50

Health: 0/22       AC:  2    Str: 11    XL:     2   Next: 15%
Magic:  5/7        EV: 12    Int: 19    God:
Gold:   52         SH:  0    Dex: 16    Spells: 4/5 levels left

rFire    . . .     SeeInvis .   (no weapon)
rCold    . . .     Gourm    .   (no shield)
rNeg     . . .     Faith    .   a - +0 robe
rPois    .         Spirit   .   (no helmet)
rElec    .         Reflect  .   (no cloak)
rCorr    +         Harm     .   (no gloves)
MR       .....                  (no boots)
Stlth    ++........             (no amulet)
HPRegen  0.07/turn              i - ring of resist corrosion
MPRegen  0.10/turn              (no ring)

@: no status effects
A: high mp 1
a: no special abilities


You were on level 2 of the Dungeon.
You were not hungry.

You visited 1 branch of the dungeon, and saw 2 of its levels.

You collected 52 gold pieces.

Inventory:

Armour
 a - a +0 robe (worn)
Jewellery
 g - an uncursed ring of fire
 i - a ring of resist corrosion (left hand)
Scrolls
 d - 2 scrolls of remove curse {unknown}
 f - a scroll of teleportation {unknown}
 k - a scroll of enchant armour {unknown}
Potions
 b - a potion of brilliance {unknown}
 e - a potion of resistance {unknown}
 h - 3 potions of curing {unknown}
 j - a potion of heal wounds {unknown}
Comestibles
 c - 2 rations


   Skills:
 + Level 0.6 Fighting
 - Level 1.7 Dodging
 - Level 1.7 Stealth
 + Level 2.0 Spellcasting
 * Level 3.9 Ice Magic


You had 4 spell levels left.
You knew the following spells:

 Your Spells              Type           Power        Failure   Level  Hunger
a - Freeze                Ice            ###.         3%          1    #......

Your spell library contained the following spells:

 Spells                   Type           Power        Failure   Level  Hunger
 Frozen Ramparts          Ice            ###...       10%         3    ###....
 Ozocubu's Armour         Chrm/Ice       #.......     22%         3    ###....
 Hailstorm                Conj/Ice       #.......     58%         4    #####..
 Summon Ice Beast         Ice/Summ       #.......     58%         4    #####..


Dungeon Overview and Level Annotations

Branches:
Dungeon (2/15)


Innate Abilities, Weirdness & Mutations

You have an increased reservoir of magic. (+10% MP)


Message History

Unknown command.
The centaur shoots an arrow.
The arrow hits you.
You see here an arrow.
Casting: Freeze (safe; 3% risk of failure)
Confirm with . or Enter, or press ? or * to list all spells.
Aiming: Freeze (safe; 3% risk of failure)
Press: ? - help, Shift-Dir - straight line, f - centaur
Aim: a centaur, wielding a +0 shortbow and quivering 22 arrows You freeze the centaur.
The centaur is moderately wounded.
The centaur unwields a +0 shortbow.
The centaur misses you.
Casting: Freeze (safe; 3% risk of failure)
Confirm with . or Enter, or press ? or * to list all spells.
Aiming: Freeze (safe; 3% risk of failure)
Press: ? - help, Shift-Dir - straight line, f/p - centaur
Aim: a centaur, quivering 22 arrows (moderately wounded)
You freeze the centaur!
The centaur is severely wounded.
The centaur hits you!
You die...

#.#.# #.#.#
#.#)#
####...#####
#...........
#.##.######
#.##.#
#.##(#
#<##@#
#.##c#
#.##.<
#.##.##
#.##.#
#.....
######


You could see a centaur.

Vanquished Creatures
  A dart slug (D:1)
  2 bats (D:1)
  A giant cockroach (D:1)
  2 goblins
  A kobold (D:1)
  2 frilled lizards (D:1)
  3 rats (D:1)
12 creatures vanquished.

Notes
Turn   | Place    | Note
-------+----------+-------------------------------------------
     0 | D:1      | Johnny the Demigod Ice Elementalist began the quest for the
                  | Orb.
     0 | D:1      | Reached XP level 1. HP: 14/14 MP: 5/5
   560 | D:1      | Reached XP level 2. HP: 19/22 MP: 7/7
   825 | D:2      | Noticed a centaur
   831 | D:2      | Slain by a centaur

Illustrated notes

Levels and vault maps discovered:
D:1:      erik_arrival_orb_chamber, layout_rooms
D:2:      layout_loops_ring, old_standard_altar,
          gammafunk_temple_overflow_elements

Skill      XL: |  1  2 |
---------------+-------+-----
Spellcasting   | 2 |  2.0
Fighting       | |  0.6
Dodging        | |  1.7
Stealth        | |  1.7
Ice Magic      | |  3.9

Action                   || total
-------------------------++-------
Melee: Unarmed           ||    61
 Cast: Freeze            ||     8
 Stab: Sleeping          ||     2
Armor: Robe              ||    19
Dodge: Dodged            ||    54
